 Dungeon Crawl Stone Soup version 0.29-a0-231-g945431f764 (webtiles) character file.

Game seed: 9954638452865006890

9999 enile the Arsonist (level 11, -20/77 HPs)
             Began as a Demonspawn Fire Elementalist on Feb 28, 2022.
             Was an Elder of Hepliaklqana.
             Demolished by a two-headed ogre
             ... wielding a +0 giant spiked club
              (26 damage)
             ... on level 11 of the Dungeon.
             The game lasted 00:21:30 (12651 turns).

enile the Arsonist (Demonspawn Fire Elementalist)  Turns: 12651, Time: 00:21:31

Health: -20/77     AC:  7    Str: 12    XL:     11   Next: 30%
Magic:  18/18      EV: 15    Int: 20    God:    Hepliaklqana [****..]
Gold:   831        SH:  6    Dex: 20    Spells: 14/20 levels left

rFire   . . .      SeeInvis .   G - +2 great sword of Yddiukha {pain, Str+3}
rCold   + . .      Faith    .   (shield currently unavailable)
rNeg    . . .      Spirit   .   z - +2 steam dragon scales
rPois   .          Reflect  .   (helmet restricted)
rElec   .          Harm     +   q - scarf {harm}
rCorr   .          Rampage  .   (no gloves)
Will    .....                   (no boots)
Stlth   +++.......              i - amulet of magic regeneration
HPRegen 0.22/turn               p - ring of protection from cold
MPRegen 0.56/turn               P - +6 ring of dexterity

@: weak-willed
A: reduced essence, horns 1, large bone plates 2, spiny 3
a: Renounce Religion, Recall Ancestor, Ancestor Identity, Transference, Idealise


You were on level 11 of the Dungeon.
You worshipped Hepliaklqana.
Hepliaklqana was greatly pleased with you.
You visited 1 branch of the dungeon, and saw 11 of its levels.
You also visited: Sewer.

You collected 978 gold pieces.
You spent 147 gold pieces at shops.

Inventory:

Hand Weapons
 h - a +0 rapier
 j - a +1 dagger of venom
 o - a +4 flail
 G - the +2 great sword of Yddiukha (weapon) {pain, Str+3}
   (You found it on level 8 of the Dungeon)

   In the hands of one skilled in necromantic magic, it inflicts extra damage on
   living creatures.
   Str:       It affects your strength (+3).
 R - a +0 scimitar
 V - a +0 demon whip of venom
 Y - a +2 antimagic dire flail
Missiles
 A - a throwing net
Armour
 a - a +0 robe
 e - a +0 troll leather armour {Pargi}
 n - a +1 leather armour of positive energy
 q - a scarf of harm (worn)
 z - +2 steam dragon scales (worn)
 F - a +3 leather armour
 I - the +1 pair of gloves of the Komodo Dragon {+Inv rN+ Int-4}
   (You found it on level 8 of the Dungeon)

   Int:       It affects your intelligence (-4).
   rN:        It protects you from negative energy.
   +Inv:      It lets you turn invisible.
 M - a +3 plate armour
 S - a +2 scale mail of willpower
Jewellery
 i - an amulet of magic regeneration (around neck)
 p - a ring of protection from cold (left hand)
 P - a +6 ring of dexterity (right hand)
 Q - a ring of willpower
 X - a ring of see invisible
Wands
 v - a wand of acid (3)
 E - a wand of polymorph (15)
 J - a wand of flame (21)
 K - a wand of digging (7)
 L - a wand of iceblast (11)
 T - a wand of charming (3) (quivered)
 W - a wand of mindburst (8)
Scrolls
 b - a scroll of amnesia {unknown}
 g - 7 scrolls of teleportation
 k - 8 scrolls of identify {unknown}
 r - 2 scrolls of silence {unknown}
 s - 3 scrolls of magic mapping {unknown}
 u - 3 scrolls of fog {unknown}
 w - a scroll of torment
 y - a scroll of noise {unknown}
 C - 3 scrolls of enchant armour {unknown}
Potions
 c - 2 potions of invisibility {unknown}
 d - 5 potions of brilliance
 f - a potion of heal wounds
 l - 2 potions of haste
 t - 3 potions of lignification {unknown}
 x - a potion of attraction
 B - 2 potions of degeneration {unknown}
 D - a potion of mutation {unknown}
 H - a potion of might
 N - 6 potions of curing {unknown}
 O - a potion of ambrosia {unknown}
 U - a potion of experience {unknown}


   Skills:
 - Level 8.0 Fighting
 + Level 5.6 Long Blades
 - Level 2.0 Maces & Flails
 - Level 4.0 Armour
 - Level 5.0 Dodging
 - Level 3.0 Stealth
 - Level 5.0 Spellcasting
 - Level 1.0 Conjurations
 - Level 8.0 Fire Magic
 - Level 8.0 Invocations
 - Level 5.0 Evocations


You had 14 spell levels left.
You knew the following spells:

 Your Spells              Type           Power      Damage    Failure   Level
a - Foxfire               Conj/Fire      92%        2x1d8     1%          1
b - Scorch                Fire           74%        2d8       1%          2
c - Inner Flame           Hex/Fire       21%        N/A       7%          3

Your spell library contained the following spells:

 Spells                   Type           Power      Damage    Failure   Level
 Conjure Flame            Conj/Fire      23%        6-21      5%          3
 Magic Dart               Conj           36%        1d4       8%          1
 Freeze                   Ice            20%        1d4       12%         1
 Searing Ray              Conj           18%        2d5       12%         2
 Corpse Rot               Necr/Air       10%        N/A       17%         2
 Poisonous Vapours        Pois/Air       10%        N/A       17%         2
 Flame Wave               Conj/Fire      23%        2d7       19%         4
 Frozen Ramparts          Ice            10%        1d3       34%         3
 Portal Projectile        Hex/Tloc       10%        N/A       34%         3
 Tukima's Dance           Hex            5%         N/A       34%         3
 Fulminant Prism          Conj/Hex       3%         3d6       67%         4
 Hailstorm                Conj/Ice       7%         3d4       67%         4
 Passage of Golubria      Tloc           5%         N/A       75%         4
 Blade Hands              Tmut           2%         N/A       97%         5
 Excruciating Wounds      Necr           2%         N/A       97%         5
 Silence                  Hex/Air        2%         N/A       97%         5
 Yara's Violent Unravell  Hex/Tmut       2%         3d3       97%         5
 Lehudib's Crystal Spear  Conj/Erth      3%         10d3      100%        8


Dungeon Overview and Level Annotations

Branches:
Dungeon (11/15)            Temple (0/1) D:7           Sewer (visited)
   Lair: D:8-11         Orc: D:9-12

Altars:
Cheibriados
Hepliaklqana
Makhleb
Ru
Vehumet
Xom
Yredelemnul
Zin

Shops:
D:5 *   D:7 [


Innate Abilities, Weirdness & Mutations

Your life essence is reduced to manifest your ancestor. (-10% HP)
You have a pair of small horns on your head.
You are mostly covered in large bone plates. (SH +6)
You are completely covered in sharp spines.


Message History

Things that are here:
a +0 giant club; an ogre corpse Partly explored, can't reach some places.
There is a stone staircase leading down here.
You climb downwards.
You block the two-headed ogre's attack.
The two-headed ogre hits you with a +0 giant spiked club!
The ogre closely misses you. You block the ogre's attack.
The ogre is struck by your spines. The ogre barely misses you.
There is a stone staircase leading up here.
Paullus blocks the ogre's attack.
Paullus hits the two-headed ogre with a +0 flail!
Paullus hits the two-headed ogre with a +0 flail!
The ogre barely misses Paullus.
Paullus barely misses the two-headed ogre.
There is a stone staircase leading down here.
You block the ogre's attack.
The two-headed ogre hits you with a +0 giant spiked club!!
The two-headed ogre hits you with a +0 giant spiked club.
You climb downwards.
There is a stone staircase leading up here.
Okay, then.
Okay, then.
Aiming: Charm
Press: ? - help, Q - select action, (/) - cycle Shift-Dir - straight line, f - two-headed ogre
Aim: a two-headed ogre, wielding two +0 giant spiked clubs (moderately wounded, chance to affect: 44%)
The two-headed ogre resists with some effort.
The ogre is struck by your spines.
The ogre hits you with a +0 giant club!!
* * * LOW HITPOINT WARNING * * *
Okay, then.
Paullus is not nearby!
Okay, then.
You feel much better. You block the two-headed ogre's attack.
The two-headed ogre hits you with a +0 giant spiked club!
* * * LOW HITPOINT WARNING * * *
The ogre closely misses you.
As you read the scroll labelled MEILOUDERI, it crumbles to dust.
Magic quickly surges around you.
It was a scroll of vulnerability.
The two-headed ogre hits you with a +0 giant spiked club!!
You die...

#
#####.###
#.....O@#
#.###.#O#
# #.# #.#
#.# ..#
..# ...


You could see a two-headed ogre (weak-willed) and an ogre (weak-willed).

Vanquished Creatures
  Amaemon (D:10)
  Lodul (D:8)
  Pikel (D:5)
  An ugly thing (D:9)
  A manticore (D:9)
  2 gargoyles
  Maggie (D:6)
  A troll (D:9)
  Sigmund (D:5)
  A wyvern (D:9)
  An acid dragon (D:9)
  Pargi (Sewer)
  4 orc warriors
  A black bear (D:6)
  2 ogres (D:5)
  3 centaurs
  4 lemures (D:5)
  A phantom (D:5)
  A kobold brigand (D:6)
  4 scorpions
  5 bullfrogs
  A necrophage (D:5)
  8 wights
  10 killer bees
  4 electric eels
  A vampire bat (D:4)
  3 howler monkeys
  3 hounds
  3 orc priests
  A jelly (D:5)
  3 gnoll shamans
  12 orc wizards
  3 iguanas
  17 gnolls
  10 adders
  3 white imps (D:7)
  An ufetubus (D:4)
  2 worms
  2 fire bats (D:4)
  16 orcs
  2 spectral bats (D:4)
  14 bats
  A bat simulacrum (D:4)
  3 bat skeletons (D:4)
  9 endoplasms
  A giant cockroach (D:5)
  5 goblins
  2 hobgoblins (D:1)
  14 kobolds
  5 quokkas
  8 ball pythons
  4 frilled lizards
  4 rats
  3 bushes (D:9)
216 creatures vanquished.

Vanquished Creatures (collateral kills)
  A two-headed ogre (D:10)
  An acid dragon (D:9)
  A black bear (D:7)
  2 orc warriors
  A sky beast (D:7)
  3 ogres
  The ghost of sammy202020 the Skirmisher, an amateur DsBe of Trog (D:3)
  A kobold brigand (D:8)
  A bullfrog (D:6)
  A necrophage (D:7)
  A gnoll sergeant (D:6)
  6 wights
  A howler monkey (D:4)
  An electric eel (D:7)
  2 hounds
  A jelly (D:3)
  2 iguanas
  3 orc wizards
  A gnoll (D:6)
  2 adders (D:6)
  A white imp (D:5)
  A bat (D:4)
  A fire bat (D:4)
  3 orcs (D:9)
  A bat zombie (D:4)
  2 endoplasms
  A giant cockroach (D:1)
  3 kobolds
  A rat (D:5)
  A bush (D:9)
  6 foxfires
54 creatures vanquished.

Vanquished Creatures (others)
  3 knights
  An orc (D:7)
  An ancestor (D:1)
  A bush (D:9)
  475 foxfires
  3 plants (D:10)
  A withered plant (D:1)
485 creatures vanquished.

Grand Total: 755 creatures vanquished

Notes
Turn   | Place    | Note
-------+----------+-------------------------------------------
     0 | D:1      | enile the Demonspawn Fire Elementalist began the quest for
                  | the Orb.
     0 | D:1      | Reached XP level 1. HP: 13/13 MP: 3/3
    94 | D:1      | Reached skill level 1 in Fighting
   216 | D:1      | Found a faded altar of an unknown god.
   267 | D:1      | Prayed at the altar of an unknown god.
   267 | D:1      | Became a worshipper of Hepliaklqana the Forgotten
   267 | D:1      | Reached * piety under Hepliaklqana
   304 | D:1      | Gained mutation: You are partially covered in large bone
                  | plates. (SH +4) [demonic ancestry]
   304 | D:1      | Reached XP level 2. HP: 17/19 MP: 0/5
  1546 | D:2      | Gained mutation: You are partially covered in sharp spines.
                  | [demonic ancestry]
  1546 | D:2      | Reached XP level 3. HP: 24/24 MP: 3/6
  1549 | D:2      | Learned a level 2 spell: Scorch
  2172 | D:2      | Reached skill level 1 in Invocations
  2395 | D:2      | Reached ** piety under Hepliaklqana
  2397 | D:2      | Remembered your ancestor Paullus as a knight
  2691 | D:3      | Gained mutation: You are mostly covered in sharp spines.
                  | [demonic ancestry]
  2691 | D:3      | Reached XP level 4. HP: 14/29 MP: 3/7
  3110 | D:3      | Found a runed translucent door.
  3111 | D:3      | Noticed sammy202020's ghost (amateur DsBe)
  3687 | D:3      | Reached XP level 5. HP: 34/34 MP: 1/8
  3806 | D:3      | Killed sammy202020's ghost
  3807 | D:3      | Reached skill level 5 in Invocations
  4048 | D:3      | Reached XP level 6. HP: 7/42 MP: 3/9
  4847 | D:4      | Reached XP level 7. HP: 48/48 MP: 6/11
  5400 | D:4      | Found a shimmering altar of Xom.
  5482 | D:4      | Found a snail-covered altar of Cheibriados.
  5582 | D:5      | Entered Level 5 of the Dungeon
  5627 | D:5      | Found a glowing drain.
  5627 | D:5      | Noticed Pikel
  5648 | D:5      | Reached skill level 5 in Fighting
  5655 | D:5      | Killed Pikel
  5656 | D:5      | Gained mutation: You are completely covered in sharp
                  | spines. [demonic ancestry]
  5656 | D:5      | Reached XP level 8. HP: 15/57 MP: 11/13
  5660 | D:5      | Learned a level 3 spell: Inner Flame
  5853 | Sewer    | Entered a sewer
  5893 | Sewer    | Noticed Pargi
  5906 | Sewer    | Killed Pargi
  6122 | D:5      | Found a burning altar of Makhleb.
  6229 | D:5      | Noticed Sigmund
  6232 | D:5      | Killed Sigmund
  6457 | D:5      | Reached skill level 5 in Fire Magic
  6629 | D:5      | Gained mutation: You have a pair of small horns on your
                  | head. [demonic ancestry]
  6629 | D:5      | Reached XP level 9. HP: 62/62 MP: 11/15
  6674 | D:5      | Found Ten Jad's General Store.
  6680 | D:5      | Bought a scroll of torment for 105 gold pieces
  6680 | D:5      | Bought a potion of attraction for 42 gold pieces
  6817 | D:5      | Reached *** piety under Hepliaklqana
  7490 | D:6      | Noticed Maggie
  7507 | D:6      | Killed Maggie
  7508 | D:6      | Reached skill level 1 in Evocations
  8626 | D:7      | Reached skill level 5 in Evocations
  9046 | D:7      | Gained mutation: You are mostly covered in large bone
                  | plates. (SH +6) [demonic ancestry]
  9046 | D:7      | Reached XP level 10. HP: 52/68 MP: 16/16
  9166 | D:7      | Found Wiymer's Armour Emporium.
  9235 | D:7      | Found a staircase to the Ecumenical Temple.
  9348 | D:8      | Identified the +2 great sword of Yddiukha {pain, Str+3}
  9356 | D:8      | Reached skill level 5 in Dodging
  9597 | D:8      | Reached skill level 5 in Spellcasting
  9822 | D:8      | Identified the +1 pair of gloves of the Komodo Dragon {+Inv
                  | rN+ Int-4}
  9860 | D:8      | Reached **** piety under Hepliaklqana
 10134 | D:8      | Found a radiant altar of Vehumet.
 10284 | D:8      | Found a sacrificial altar of Ru.
 10788 | D:9      | Noticed a manticore
 10804 | D:9      | Killed a manticore
 10810 | D:9      | Noticed a red ugly thing
 10813 | D:9      | Noticed a gargoyle
 10819 | D:9      | Killed a red ugly thing
 10824 | D:9      | Killed a gargoyle
 11015 | D:9      | Reached skill level 1 in Long Blades
 11387 | D:9      | Found a basalt altar of Yredelemnul.
 11552 | D:10     | Entered Level 10 of the Dungeon
 11622 | D:10     | Reached XP level 11. HP: 75/77 MP: 16/18
 12092 | D:10     | Noticed Amaemon
 12101 | D:10     | Killed Amaemon
 12363 | D:10     | Noticed a two-headed ogre
 12366 | D:10     | Noticed a two-headed ogre
 12367 | D:10     | Noticed Lodul
 12369 | D:10     | Killed a two-headed ogre
 12370 | D:10     | Reached skill level 5 in Long Blades
 12403 | D:8      | Killed Lodul
 12651 | D:11     | Demolished by a two-headed ogre

Illustrated notes

Levels and vault maps discovered:
D:1:      dpeg_arrival_simpleton_b, layout_basic,
          ebering_ecumenical_altar_petrified, minmay_misc_feat_ornament
D:2:      layout_basic
D:3:      layout_loops_ring, gammafunk_ghost_grave, kennysheep_generic_room_10
D:4:      layout_rooms, tgw_xom, slow_altar_2, goddamned_bats
D:5:      layout_basic, marbit_many_paths, serial_shops,
          nicolae_shop_competitors_out_of_business, portal_sewer_entry_a,
          uniq_pikel, uniq_sigmund
D:6:      layout_rooms, uniq_maggie
D:7:      layout_rooms, minmay_temple_entry_trees, serial_shops, shop,
          kennysheep_crisscross, kennysheep_boxes
D:8:      layout_loops_ring, nicolae_vehumet_altar_sigil,
          nicolae_ru_great_annihilating_truth, minmay_diced_spiral
D:9:      minmay_bloctagon_deflated, layout_rooms, nicolae_overflow_squiral,
          serial_curves, eino_curves_02, eino_curves_01, minmay_misc_feat_iff,
          minmay_hedge_maze
D:10:     layout_irregular_city, trog_wizard, nicolae_hepliaklqana_hazy_memory,
          chequers_serial_rivers_room_a, guppyfry_shop_venom, uniq_lodul,
          uniq_amaemon
D:11:     layout_loops_corners, lair_entry_dummy, zombieorc1_lemuel,
          nicolae_wu_jian_immortal_techniques, uniq_erolcha

Skill      XL: |  1  2  3  4  5  6  7  8  9 10 11 |
---------------+----------------------------------+-----
Fighting       | 1 2 3 4 6 8 |  8.0
Dodging        | 2 3 4 5 |  5.0
Invocations    | 3 4 5 7 8 |  8.0
Spellcasting   | 3 4 5 |  5.0
Fire Magic     | 3 4 5 7 8 |  8.0
Stealth        | 3 |  3.0
Armour         | 2 3 4 |  4.0
Maces & Flails | 2 |  2.0
Evocations     | 5 |  5.0
Long Blades    | 2 5 |  5.6
Conjurations   | |  1.0

Action                   |  1- 3 |  4- 6 |  7- 9 | 10-12 || total
-------------------------+-------+-------+-------+-------++-------
Melee: Unarmed           |    28 |       |       |       ||    28
       Dagger            |     1 |     5 |       |       ||     6
       Flail             |       |     9 |    31 |       ||    40
       Headbutt          |       |       |     7 |     6 ||    13
       Great sword       |       |       |       |    41 ||    41
Throw: Throwing net      |       |       |       |     3 ||     3
 Cast: Foxfire           |    88 |    37 |   119 |    68 ||   312
       Scorch            |     1 |    12 |    46 |    52 ||   111
       Inner Flame       |       |       |     7 |    14 ||    21
Invok: Ancestor Life: Kn |     1 |       |       |       ||     1
       Recall Ancestor   |       |     1 |       |     1 ||     2
Evoke: Wand              |       |       |     3 |     2 ||     5
  Use: Scroll            |       |       |     2 |     2 ||     4
       Potion            |       |       |     3 |     1 ||     4
 Stab: Distracted        |       |     1 |       |     2 ||     3
       Held in net/web   |       |       |       |     1 ||     1
       Sleeping          |       |       |       |     1 ||     1
Armor: Robe              |     5 |       |       |       ||     5
       Leather armour    |       |     4 |     4 |       ||     8
       Steam dragon scal |       |       |     9 |    11 ||    20
       Troll leather arm |       |       |     1 |       ||     1
Dodge: Dodged            |    31 |    17 |    38 |    45 ||   131
Block: Other             |     4 |     6 |    24 |    16 ||    50

Table legend: (Time is in decaauts)
 A = Elapsed time spent in this place.
 B = Non-inter-level travel time spent in this place.
 C = Inter-level travel time spent in this place.
 D = Time resting spent in this place.
 E = Time spent auto-exploring this place.
 F = Levels seen in this place.
 G = Mean time per level.
                   A        B        C        D        E       F      G
               +--------+--------+--------+--------+--------+-----+--------+
         Total |  12697 |  12306 |    391 |    990 |   9475 |  12 | 1058.1 |
       Dungeon |  12493 |  12102 |    391 |    990 |   9314 |  11 | 1135.7 |
         Sewer |    203 |    203 |      0 |      0 |    161 |   1 |  203.0 |
               +--------+--------+--------+--------+--------+-----+--------+

Top non-repeatable levels by time:
     D:3: 2067 daAuts
     D:9: 1613 daAuts
     D:5: 1594 daAuts
     D:1: 1492 daAuts
     D:8: 1295 daAuts
     D:6: 1189 daAuts
     D:2: 1168 daAuts
     D:4: 859 daAuts
     D:7: 776 daAuts
    D:10: 433 daAuts
   Sewer: 203 daAuts
    D:11: 2 daAuts
